Map: Amygdala

Players

Lambo

  • Race: Zerg Zerg
  • League: Master
  • Spawn Location: 7:00

A.I. 1 (Very Easy) - Winner!

  • Race: Terran Terran
  • Spawn Location: 1:00

VOD

Have the link to the VOD?

Description

Time

  • Played on: Jan. 12, 2025, 1:42 p.m.
  • Length: 5:30
Show
View Real Time Build Order
Export as new Build Order

Lambo Zerg 

Build Orders: Pool First 

Get SALT Encoding   

  12  0:00  Drone  
  13  0:07  Drone  
  14  0:16  Overlord  
  14  0:21  Extractor  
  13  0:22  Drone  
  15  0:36  Drone x2  
  15  0:42  Spawning Pool  
  16  0:48  Drone  
  17  1:05  Hatchery  
  17  1:08  Drone  
  17  1:12  Drone  
  17  1:16  Extractor  
  17  1:17  Drone  
  18  1:29  Queen  
  18  1:31  Zergling x2  
  21  1:39  Overlord  
  21  1:48  Drone  
  22  1:58  Drone  
  23  2:04  Queen  
  25  2:09  Drone  
  26  2:16  Hatchery  
  26  2:18  Drone  
  26  2:21  Drone  
  27  2:28  Drone  
  28  2:33  Drone  
  28  2:34  Metabolic Boost  
  29  2:38  Drone  
  29  2:39  Drone  
  29  2:42  Drone  
  32  2:44  Drone  
  32  2:49  Overlord  
  33  2:56  Queen  
  35  2:59  Drone  
  36  3:06  Queen  
  36  3:08  Drone  
  36  3:10  Drone  
  40  3:14  Drone x2  
  40  3:15  Drone  
  40  3:17  Drone  
  44  3:23  Overlord  
  44  3:32  Drone  
  47  3:34  Spore Crawler  
  47  3:36  Drone  
  47  3:37  Drone x2  
  47  3:41  Queen  
  47  3:45  Drone x3  
  47  3:46  Spore Crawler  
  51  3:49  Drone  
  51  3:50  Drone x2  
  51  3:52  Drone  
  51  3:54  Drone  
  56  3:56  Overlord  
  56  4:01  Overlord  
  56  4:02  Drone  
  57  4:07  Drone  
  58  4:15  Overlord  
  58  4:16  Drone x4  
  62  4:19  Drone x3  
  62  4:21  Extractor, Lair  
  62  4:22  Drone  
  65  4:25  Drone  
  65  4:27  Overlord  
  65  4:28  Drone x2  
  65  4:30  Drone  
  69  4:34  Drone  
  69  4:35  Extractor  
  69  4:37  Drone  
  70  4:39  Drone  
  70  4:42  Evolution Chamber  
  70  4:45  Drone  
  71  4:46  Drone, Extractor  
  71  4:48  Drone x4  
  71  4:49  Extractor  
  71  4:50  Drone x3  
  77  4:53  Hatchery  
  77  4:56  Drone x2  
  77  4:58  Drone  
  79  5:00  Drone x2  
  79  5:02  Drone, Extractor  
  81  5:14  Spore Crawler  
  80  5:23  Hydralisk Den  
  90  5:28  Infestation Pit  
Show
View Real Time Build Order
Export as new Build Order

A.I. 1 (Very Easy) Terran - Winner!

Build Orders:  

Get SALT Encoding   

  12  0:00  SCV  
  13  0:13  SCV  
  14  0:18  Supply Depot  
  14  0:37  Refinery  
  14  0:43  Barracks  
  14  1:04  Supply Depot  
  14  1:11  Refinery  
  14  1:29  Barracks Tech Lab  
  14  1:32  Orbital Command  
  14  1:48  Marauder  
  16  1:58  SCV  
  17  2:10  SCV  
  18  2:22  SCV  
  19  2:29  Marine  
  20  2:34  SCV  
  21  2:46  SCV  
  22  2:58  SCV  
  23  3:11  Marine  
  24  4:55  SCV  
Tags
 
League
Master
Matchup
TvZ
Opening
Pool First
Player
Lambo
Spawn Locations
Cross Positions
Add a new tag
Caveats
  • Supply blocks, unpowered buildings, or Contaminate may cause inaccurate times.
  • Supply counts are checked every 10 seconds.